% Time on Ice - OKANAGAN RATTLESNAKES
Lines # - Real PCT - Wanted PCT - Time Play
Normal Forward
1 - 33% - 36% - 14:58
2 - 33% - 31% - 15:06
3 - 26% - 23% - 11:52
4 - 9% - 10% - 3:58
Normal Defense
1 - 36% - 36% - 16:28
2 - 32% - 31% - 14:45
3 - 27% - 23% - 12:10
4 - 5% - 10% - 2:31
PP Forward
1 - 59% - 55% - 1:43
2 - 41% - 45% - 1:11
PP Defense
1 - 72% - 55% - 2:05
2 - 28% - 45% - 0:49
PK Forward
1 - 67% - 55% - 7:29
2 - 33% - 45% - 3:43
PK Defense
1 - 54% - 55% - 6:05
2 - 46% - 45% - 5:07
PK3 Forward
1 - 0% - 55%
2 - 0% - 45%
PK3 Defense
1 - 0% - 55%
2 - 0% - 45%
44 Forward
1 - 0% - 55%
2 - 0% - 45%
44 Defense
1 - 0% - 55%
2 - 0% - 45%
Last Minute Offensive  - 0:00
Last Minute Defensive  - 0:00
Total
Forward - 60:00
Defense - 60:00
% Time on Ice - SPOKANE KNIGHTS
Lines # - Real PCT - Wanted PCT - Time Play
Normal Forward
1 - 28% - 30% - 13:02
2 - 29% - 30% - 13:14
3 - 18% - 20% - 8:06
4 - 25% - 20% - 11:32
Normal Defense
1 - 24% - 30% - 10:49
2 - 32% - 30% - 14:48
3 - 33% - 20% - 15:06
4 - 11% - 20% - 5:11
PP Forward
1 - 49% - 60% - 5:30
2 - 51% - 40% - 5:42
PP Defense
1 - 50% - 60% - 5:35
2 - 50% - 40% - 5:37
PK Forward
1 - 51% - 50% - 1:28
2 - 49% - 50% - 1:26
PK Defense
1 - 31% - 60% - 0:54
2 - 69% - 40% - 2:00
PK3 Forward
1 - 0% - 60%
2 - 0% - 40%
PK3 Defense
1 - 0% - 60%
2 - 0% - 40%
44 Forward
1 - 0% - 50%
2 - 0% - 50%
44 Defense
1 - 0% - 60%
2 - 0% - 40%
Last Minute Offensive  - 0:00
Last Minute Defensive  - 0:00
Total
Forward - 60:00
Defense - 60:00
Play-by-Play 1st period 0:01 of 1st period - Nazem Kadri wins face-off versus Anthony Cirelli in neutral zone. 0:04 of 1st period - Shot by T.J. Oshie. 0:04 of 1st period - Stopped by Matthew Murray with a rebound. 0:06 of 1st period - Shot by Colton Parayko. 0:06 of 1st period - Stopped by Matthew Murray with a rebound. 0:43 of 1st period - Shot by T.J. Oshie. 0:43 of 1st period - Deflect By Anders Lee. 0:43 of 1st period - Stopped by Matthew Murray without a rebound. 0:44 of 1st period - Lars Eller wins face-off versus Quinton Byfield in SPOKANE KNIGHTS zone. 1:11 of 1st period - Shot by Tyler Motte. 1:11 of 1st period - Deflect By Shane Pinto. 1:11 of 1st period - Goal by Shane Pinto - OKANAGAN RATTLESNAKES : 0 - SPOKANE KNIGHTS : 1. 1:12 of 1st period - Casey Cizikas wins face-off versus Corey Perry in neutral zone. 1:32 of 1st period - Shot by Derek Grant. 1:32 of 1st period - Stopped by James Reimer with a rebound. 1:48 of 1st period - Shot by Kevin Labanc. 1:48 of 1st period - Shot Misses the Net. 1:50 of 1st period - Shot by Casey Cizikas. 1:50 of 1st period - Shot Misses the Net. 3:35 of 1st period - Shot by Shane Pinto. 3:35 of 1st period - Shot Misses the Net. 3:37 of 1st period - Shot by Nathan Beaulieu. 3:37 of 1st period - Stopped by James Reimer without a rebound. 3:38 of 1st period - Anthony Cirelli wins face-off versus Casey Cizikas in OKANAGAN RATTLESNAKES zone. 4:04 of 1st period - Brady Tkachuk is hit by Arber Xhekaj and loses puck. 4:29 of 1st period - Shot by T.J. Oshie. 4:29 of 1st period - Stopped by Matthew Murray without a rebound. 4:30 of 1st period - Quinton Byfield wins face-off versus Nazem Kadri in SPOKANE KNIGHTS zone. 4:43 of 1st period - Shot by Anders Lee. 4:43 of 1st period - Shot Misses the Net. 4:45 of 1st period - Shot by Esa Lindell. 4:45 of 1st period - Shot Misses the Net. 4:59 of 1st period - Shot by Quinton Byfield. 4:59 of 1st period - Shot Misses the Net. 5:29 of 1st period - Icing by Nathan Beaulieu. 5:30 of 1st period - Casey Cizikas wins face-off versus Quinton Byfield in SPOKANE KNIGHTS zone. 5:37 of 1st period - Shot by Casey Cizikas. 5:37 of 1st period - Stopped by Matthew Murray without a rebound. 5:38 of 1st period - Henri Nikkanen wins face-off versus Blake Coleman in SPOKANE KNIGHTS zone. 6:01 of 1st period - Shot by Lias Andersson. 6:01 of 1st period - Deflect By Rasmus Kupari. 6:01 of 1st period - Stopped by James Reimer without a rebound. 6:02 of 1st period - T.J. Oshie wins face-off versus Anthony Cirelli in OKANAGAN RATTLESNAKES zone. 6:24 of 1st period - Icing by Jordie Benn. 6:25 of 1st period - Nazem Kadri wins face-off versus Nicklas Backstrom in OKANAGAN RATTLESNAKES zone. 6:25 of 1st period - Nazem Kadri is hit by Derek Grant. 6:50 of 1st period - Icing by Nathan Clurman. 6:51 of 1st period - Lars Eller wins face-off versus Corey Perry in SPOKANE KNIGHTS zone. 7:11 of 1st period - Shot by Nicklas Backstrom. 7:11 of 1st period - Stopped by James Reimer with a rebound. 7:56 of 1st period - Shot by Stefan Noesen. 7:56 of 1st period - Deflect By Kevin Labanc. 7:56 of 1st period - Shot Misses the Net. 9:08 of 1st period - Anders Lee is hit by Chad Ruhwedel and loses puck. 9:45 of 1st period - Lars Eller is hit by Nathan Beaulieu and loses puck. 9:53 of 1st period - Blake Coleman is hit by Chad Ruhwedel and loses puck. 10:33 of 1st period - Shot by Oskar Sundqvist. 10:33 of 1st period - Shot Misses the Net. 10:53 of 1st period - Icing by Nathan Clurman. 10:54 of 1st period - Casey Cizikas wins face-off versus Quinton Byfield in SPOKANE KNIGHTS zone. 11:07 of 1st period - Shot by Casey Cizikas. 11:07 of 1st period - Stopped by Matthew Murray without a rebound. 11:08 of 1st period - Nicklas Backstrom wins face-off versus Casey Cizikas in SPOKANE KNIGHTS zone. 11:14 of 1st period - Icing by Derek Grant. 11:15 of 1st period - Lars Eller wins face-off versus Nicklas Backstrom in SPOKANE KNIGHTS zone. 11:45 of 1st period - Off-side. 11:46 of 1st period - Nazem Kadri wins face-off versus Quinton Byfield in neutral zone. 11:57 of 1st period - Shot by T.J. Oshie. 11:57 of 1st period - Shot Misses the Net. 12:03 of 1st period - Shot by Shane Pinto. 12:03 of 1st period - Shot Misses the Net. 12:05 of 1st period - Shot by Shane Pinto. 12:05 of 1st period - Stopped by James Reimer without a rebound. 12:06 of 1st period - Casey Cizikas wins face-off versus Henri Nikkanen in OKANAGAN RATTLESNAKES zone. 12:06 of 1st period - Casey Cizikas is hit by Henri Nikkanen. 12:37 of 1st period - Shot by Kevin Labanc. 12:37 of 1st period - Stopped by Matthew Murray without a rebound. 12:38 of 1st period - Nazem Kadri wins face-off versus Quinton Byfield in SPOKANE KNIGHTS zone. 12:39 of 1st period - Shot by Anders Lee. 12:39 of 1st period - Shot Blocked by Tucker Poolman. 12:41 of 1st period - Shot by Anders Lee. 12:41 of 1st period - Stopped by Matthew Murray with a rebound. 12:45 of 1st period - Shot by Anders Lee. 12:45 of 1st period - Stopped by Matthew Murray with a rebound. 12:47 of 1st period - Shot by T.J. Oshie. 12:47 of 1st period - Shot Blocked by Tucker Poolman. 13:10 of 1st period - Icing by Esa Lindell. 13:11 of 1st period - Nazem Kadri wins face-off versus Anthony Cirelli in OKANAGAN RATTLESNAKES zone. 14:24 of 1st period - Rasmus Kupari is hit by Lars Eller and loses puck. 14:40 of 1st period - Stefan Noesen is hit by Jonathon Merrill and loses puck. 15:06 of 1st period - Shot by Stefan Noesen. 15:06 of 1st period - Deflect By Kevin Labanc. 15:06 of 1st period - Shot Misses the Net. 15:23 of 1st period - Oskar Sundqvist is hit by Evan Bouchard and loses puck. 15:36 of 1st period - Evan Bouchard is hit by Pierre-Edouard Bellemare and loses puck. 15:53 of 1st period - Shot by Quinton Byfield. 15:53 of 1st period - Deflect By Shane Pinto. 15:53 of 1st period - Shot Misses the Net. 16:09 of 1st period - Shot by Tyler Motte. 16:09 of 1st period - Stopped by James Reimer without a rebound. 16:10 of 1st period - Lars Eller wins face-off versus Nicklas Backstrom in OKANAGAN RATTLESNAKES zone. 16:10 of 1st period - Lars Eller is hit by Corey Perry. 16:40 of 1st period - Shot by Mike Hoffman. 16:40 of 1st period - Stopped by Matthew Murray without a rebound. 16:41 of 1st period - Casey Cizikas wins face-off versus Quinton Byfield in SPOKANE KNIGHTS zone. 17:12 of 1st period - Shot by Kevin Labanc. 17:12 of 1st period - Stopped by Matthew Murray with a rebound. 17:14 of 1st period - Shot by Stefan Noesen. 17:14 of 1st period - Shot Misses the Net. 17:16 of 1st period - Shot by Casey Cizikas. 17:16 of 1st period - Shot Blocked by Nathan Clurman. 18:00 of 1st period - Shot by Anders Lee. 18:00 of 1st period - Shot Blocked by Zach Parise. 18:07 of 1st period - Brady Tkachuk is hit by Esa Lindell and loses puck. 18:41 of 1st period - Icing by Anders Lee. 18:42 of 1st period - Nicklas Backstrom wins face-off versus Nazem Kadri in OKANAGAN RATTLESNAKES zone. 18:48 of 1st period - Derek Grant is hit by Colton Parayko and loses puck. 19:48 of 1st period - Icing by Nathan Beaulieu. 19:49 of 1st period - Henri Nikkanen wins face-off versus Blake Coleman in SPOKANE KNIGHTS zone. Goals for this period are 0 for OKANAGAN RATTLESNAKES vs 1 for SPOKANE KNIGHTS. Shots for this period are 11 for OKANAGAN RATTLESNAKES vs 7 for SPOKANE KNIGHTS. 2nd period 0:01 of 2nd period - Quinton Byfield wins face-off versus Lars Eller in neutral zone. 1:30 of 2nd period - Anders Lee is hit by Nathan Beaulieu and loses puck. 2:52 of 2nd period - Icing by Arber Xhekaj. 2:53 of 2nd period - Casey Cizikas wins face-off versus Quinton Byfield in OKANAGAN RATTLESNAKES zone. 3:39 of 2nd period - Icing by Tyler Motte. 3:40 of 2nd period - Quinton Byfield wins face-off versus Mike Hoffman in SPOKANE KNIGHTS zone. 5:12 of 2nd period - Minor Penalty to Esa Lindell for Slashing. 5:13 of 2nd period - Shane Pinto wins face-off versus Nazem Kadri in OKANAGAN RATTLESNAKES zone. 5:16 of 2nd period - Shot by Brady Tkachuk. 5:16 of 2nd period - Stopped by James Reimer without a rebound. 5:17 of 2nd period - Nazem Kadri wins face-off versus Quinton Byfield in OKANAGAN RATTLESNAKES zone. 6:09 of 2nd period - Shot by Zach Parise. 6:09 of 2nd period - Shot Blocked by T.J. Oshie. 6:11 of 2nd period - Shot by Zach Parise. 6:11 of 2nd period - Shot Misses the Net. 6:13 of 2nd period - Shot by Chad Ruhwedel. 6:13 of 2nd period - Stopped by James Reimer with a rebound. 6:15 of 2nd period - Shot by Nathan Beaulieu. 6:15 of 2nd period - Stopped by James Reimer without a rebound. 6:16 of 2nd period - Nicklas Backstrom wins face-off versus Anders Lee in OKANAGAN RATTLESNAKES zone. 6:23 of 2nd period - Shot by Zach Parise. 6:23 of 2nd period - Shot Misses the Net. 6:25 of 2nd period - Shot by Zach Parise. 6:25 of 2nd period - Stopped by James Reimer without a rebound. 6:26 of 2nd period - Quinton Byfield wins face-off versus Anders Lee in OKANAGAN RATTLESNAKES zone. 6:37 of 2nd period - Shot by Brady Tkachuk. 6:37 of 2nd period - Deflect By Shane Pinto. 6:37 of 2nd period - Stopped by James Reimer without a rebound. 6:38 of 2nd period - Nicklas Backstrom wins face-off versus Anders Lee in OKANAGAN RATTLESNAKES zone. 6:39 of 2nd period - Shot by Zach Parise. 6:39 of 2nd period - Stopped by James Reimer without a rebound. 6:40 of 2nd period - Quinton Byfield wins face-off versus Anders Lee in OKANAGAN RATTLESNAKES zone. 6:52 of 2nd period - Icing by Evan Bouchard. 6:53 of 2nd period - Nazem Kadri wins face-off versus Quinton Byfield in SPOKANE KNIGHTS zone. 7:10 of 2nd period - Shot by Evan Bouchard. 7:10 of 2nd period - Shot Blocked by Colton Parayko. 7:12 of 2nd period - Shot by Quinton Byfield. 7:12 of 2nd period - Shot Misses the Net. 7:22 of 2nd period - Shot by Mike Hoffman. 7:22 of 2nd period - Deflect By Lars Eller. 7:22 of 2nd period - Stopped by Matthew Murray without a rebound. 7:23 of 2nd period - Nicklas Backstrom wins face-off versus Casey Cizikas in SPOKANE KNIGHTS zone. 7:56 of 2nd period - Shot by Nicklas Backstrom. 7:56 of 2nd period - Shot Misses the Net. 7:58 of 2nd period - Shot by Nicklas Backstrom. 7:58 of 2nd period - Stopped by James Reimer with a rebound. 8:00 of 2nd period - Shot by Corey Perry. 8:00 of 2nd period - Stopped by James Reimer without a rebound. 8:01 of 2nd period - Quinton Byfield wins face-off versus Nazem Kadri in OKANAGAN RATTLESNAKES zone. 8:19 of 2nd period - Shane Pinto is hit by Jeremy Lauzon and loses puck. 8:27 of 2nd period - Minor Penalty to Anders Lee for Tripping. 8:28 of 2nd period - Nazem Kadri wins face-off versus Nicklas Backstrom in OKANAGAN RATTLESNAKES zone. 9:23 of 2nd period - Shane Pinto is hit by Jeremy Lauzon and loses puck. 9:38 of 2nd period - Shot by Brady Tkachuk. 9:38 of 2nd period - Shot Misses the Net. 9:40 of 2nd period - Shot by Shane Pinto. 9:40 of 2nd period - Stopped by James Reimer with a rebound. 9:44 of 2nd period - Shot by Shane Pinto. 9:44 of 2nd period - Goal by Shane Pinto - OKANAGAN RATTLESNAKES : 0 - SPOKANE KNIGHTS : 2. 9:45 of 2nd period - Casey Cizikas wins face-off versus Lias Andersson in neutral zone. 9:48 of 2nd period - Rasmus Kupari is hit by Casey Cizikas and loses puck. 9:53 of 2nd period - Shot by Casey Cizikas. 9:53 of 2nd period - Stopped by Matthew Murray without a rebound. 9:54 of 2nd period - Casey Cizikas wins face-off versus Henri Nikkanen in SPOKANE KNIGHTS zone. 10:11 of 2nd period - Shot by Kevin Labanc. 10:11 of 2nd period - Stopped by Matthew Murray without a rebound. 10:12 of 2nd period - Anthony Cirelli wins face-off versus Lars Eller in SPOKANE KNIGHTS zone. 11:13 of 2nd period - Shot by Nazem Kadri. 11:13 of 2nd period - Shot Misses the Net. 11:15 of 2nd period - Shot by T.J. Oshie. 11:15 of 2nd period - Shot Misses the Net. 11:17 of 2nd period - Shot by Jeremy Lauzon. 11:17 of 2nd period - Shot Misses the Net. 11:25 of 2nd period - Shot by Anders Lee. 11:25 of 2nd period - Stopped by Matthew Murray without a rebound. 11:26 of 2nd period - Quinton Byfield wins face-off versus Kevin Labanc in SPOKANE KNIGHT